 Dungeon Crawl Stone Soup version 0.20.1-1-g8b1a95d (webtiles) character file.

73 KleinerIrrer the Skirmisher (level 4, -1/35 HPs)
             Began as a Mummy Fighter on July 7, 2017.
             Was an Initiate of Okawaru.
             Slain by an orc wizard
             ... wielding a +0 dagger
              (4 damage)
             ... on level 2 of the Dungeon.
             The game lasted 00:03:59 (1448 turns).

KleinerIrrer the Skirmisher (Mummy Fighter)         Turns: 1448, Time: 00:03:59

Health: -1/35      AC:  6    Str: 19    XL:     4   Next: 8%
Magic:  4/4        EV:  7    Int:  8    God:    Okawaru [......]
Gold:   63         SH:  8    Dex: 11    Spells: 3/3 levels left

rFire    x . .     SeeInvis .   a - +0 trident
rCold    + . .     Gourm    .   c - +0 shield
rNeg     + + +     Faith    .   b - +0 scale mail
rPois    ∞         Spirit   .   (no helmet)
rElec    .         Reflect  .   (no cloak)
rCorr    .         Harm     .   (no gloves)
MR       .....                  (no boots)
Stlth    ..........             (no amulet)
Regen    0.2/turn               (no ring)
MPRegen  0.1/turn               (no ring)

@: slowed, very slow
A: no food or potions, fire vulnerability, cold resistance 1, negative energy
resistance 3, torment resistance, unbreathing
a: Renounce Religion


You were on level 2 of the Dungeon.
You worshipped Okawaru.
Okawaru was noncommittal.
You were not hungry.

You visited 1 branch of the dungeon, and saw 3 of its levels.

You collected 63 gold pieces.

Inventory:

Hand Weapons
 a - a +0 trident (weapon)
 e - a +0 short sword of freezing
Armour
 b - a +0 scale mail (worn)
 c - a +0 shield (worn)
Jewellery
 f - an uncursed amulet of faith {unknown}
Wands
 j - a wand of iceblast (10/15)
Scrolls
 d - 4 scrolls of remove curse {unknown}
 g - 5 scrolls of enchant armour {unknown}
 h - a scroll of fog {unknown}
 i - a scroll of identify {unknown}


   Skills:
 + Level 3.4 Fighting
 + Level 2.7 Polearms
 + Level 2.7 Armour
 + Level 0.2 Dodging
 + Level 2.6 Shields


You had 3 spell levels left.
You didn't know any spells.

Dungeon Overview and Level Annotations

Branches:
Dungeon (3/15)

Altars:
Elyvilon
Okawaru
Trog


Innate Abilities, Weirdness & Mutations

You do not eat or drink.
Your flesh is vulnerable to fire.
You are immune to poison.
Your flesh is cold resistant. (rC+)
You are immune to negative energy. (rN+++)
You are immune to unholy pain and torment.
You can survive without breathing.


Message History

The orc wizard blinks!
The orc wizard gestures at you while chanting.
The magic dart hits you! The orc wizard casts a spell at you.
The magic dart hits you!
* * * LOW HITPOINT WARNING * * *
You block the orc wizard's attack.
The orc wizard hits you but does no damage.
You hit the orc wizard but do no damage.
The orc wizard is almost dead.
You block the orc wizard's attack. The orc wizard casts a spell at you.
The magic dart hits you!
* * * LOW HITPOINT WARNING * * *
You block the orc wizard's attack.
You hit the orc wizard but do no damage.
The orc wizard is almost dead.
The orc wizard hits you but does no damage.
The orc wizard hits you with a dagger.
You die...

###### .....# ########### .....#
#.........# .....########
#.........######
...........>######!.........#...#
###########)....@o...............
# #.†...######.............. ##
#.....# ########..........
.#######.....###...# #.......<..
..#..............#.# ##......).%
#...#####..#######<# ##...#...#
.....###...# #.# #.####.##
♣.....##.#.# #.# #.## #.#
......##.#.# #.# #..###.#


You could see an orc wizard.

Vanquished Creatures
  3 adders
  2 oozes
  2 dart slugs
  An orc (D:2)
  2 ball pythons
  2 giant cockroaches (D:2)
  5 goblins
  4 hobgoblins
  3 bats
  2 frilled lizards
  7 kobolds
33 creatures vanquished.

Notes
Turn   | Place    | Note
-------+----------+-------------------------------------------
     0 | D:1      | KleinerIrrer the Mummy Fighter began the quest for the Orb.
     0 | D:1      | Reached XP level 1. HP: 18/18 MP: 1/1
   125 | D:1      | Reached XP level 2. HP: 18/24 MP: 2/2
   640 | D:1      | Reached XP level 3. HP: 12/29 MP: 3/3
   846 | D:2      | Found a white marble altar of Elyvilon.
   869 | D:2      | Found a faded altar of an unknown god.
   994 | D:2      | Found a bloodstained altar of Trog.
  1030 | D:2      | Found an iron altar of Okawaru.
  1228 | D:2      | Became a worshipper of Warmaster Okawaru
  1269 | D:3      | Reached XP level 4. HP: 34/35 MP: 4/4
  1448 | D:2      | Slain by an orc wizard

Skill      XL: |  1  2 |
---------------+-------+-----
Polearms       | 2 |  2.7
Fighting       | |  3.4
Armour         | |  2.7
Dodging        | |  0.2
Shields        | |  2.6

Action                   |  1- 3 |  4- 6 || total
-------------------------+-------+-------++-------
Melee: Trident           |    99 |    30 ||   129
Armor: Scale mail        |    40 |     6 ||    46
Dodge: Dodged            |    21 |     9 ||    30
Block: Shield            |    42 |    18 ||    60
